Map: Prion Terraces

Players

GammaGhost

  • Race: Protoss Protoss
  • League: Gold

Gyron - Winner!

  • Race: Protoss Protoss
  • League: Gold

VOD

Have the link to the VOD?

Description

Played against this guy, he said he was freestyling this build, and if so, he's a very good player IMO. He never gets greedy with his production facilities, and it gives him a very strong defensive/offensive army by the time i attack off of a late second nexus build.

Time

  • Played on: March 25, 2016, 8:14 p.m.
  • Length: 9:01
Show
View Real Time Build Order
Export as new Build Order

GammaGhost Protoss 

Build Orders: Oracle Opening 

Get SALT Encoding   

  12  0:01  Probe (Chrono Boost)  
  13  0:12  Probe (Chrono Boost)  
  14  0:22  Pylon  
  14  0:26  Probe (Chrono Boost)  
  15  0:40  Probe (Chrono Boost)  
  15  0:41  Gateway  
  16  0:48  Assimilator  
  16  0:51  Probe (Chrono Boost)  
  17  1:01  Probe (Chrono Boost)  
  18  1:12  Assimilator  
  18  1:14  Probe (Chrono Boost)  
  19  1:30  Probe (Chrono Boost)  
  20  1:32  Cybernetics Core  
  20  1:40  Probe (Chrono Boost)  
  21  1:51  Probe (Chrono Boost)  
  22  1:56  Pylon  
  22  2:02  Probe (Chrono Boost)  
  23  2:11  Warp Gate  
  23  2:14  Stalker (Chrono Boost), Probe  
  26  2:20  Stargate  
  26  2:26  Probe  
  27  2:38  Probe, Gateway  
  28  2:50  Stalker (Chrono Boost)  
  30  2:58  Pylon  
  30  3:06  Pylon  
  30  3:16  Oracle (Chrono Boost)  
  33  3:21  Nexus  
  33  3:30  Mothership Core  
  35  3:43  Gateway  
  35  3:51  Probe  
  36  3:59  Gateway  
  36  4:02  Void Ray (Chrono Boost)  
  40  4:03  Probe  
  41  4:26  Stalker x2  
  45  4:37  Gateway  
  45  4:50  Probe  
  45  4:51  Probe  
  45  4:53  Pylon  
  45  4:55  Pylon  
  35  5:12  Probe  
  33  5:24  Probe  
  31  5:35  Probe (Chrono Boost)  
  31  5:36  Probe (Chrono Boost)  
  33  5:47  Probe (Chrono Boost)  
  33  5:48  Probe (Chrono Boost)  
  35  5:56  Stalker  
  37  5:57  Stalker x2, Probe (Chrono Boost)  
  37  5:58  Probe (Chrono Boost)  
  43  6:08  Probe (Chrono Boost)  
  43  6:09  Probe (Chrono Boost)  
  45  6:13  Pylon  
  46  6:18  Probe (Chrono Boost)  
  46  6:20  Probe (Chrono Boost)  
  47  6:37  Stalker x3  
  53  6:40  Adept  
  53  6:46  Adept  
  57  6:49  Probe x2 (Chrono Boost)  
  59  7:06  Stalker x3  
  53  7:26  Probe x2 (Chrono Boost)  
  49  7:30  Stalker x3  
  49  7:36  Probe x2 (Chrono Boost)  
  57  7:41  Stalker  
  49  7:46  Stalker  
  49  7:47  Probe x2 (Chrono Boost)  
  41  7:57  Probe (Chrono Boost)  
  41  7:58  Probe (Chrono Boost)  
  38  8:08  Probe x2 (Chrono Boost)  
  40  8:36  Stalker x3  
Show
View Real Time Build Order
Export as new Build Order

Gyron Protoss - Winner!

Build Orders: 1 Gate Expand, Oracle Opening, Void Ray Immortal 

Get SALT Encoding   

  12  0:01  Probe (Chrono Boost)  
  13  0:12  Probe (Chrono Boost)  
  14  0:24  Pylon  
  14  0:28  Probe (Chrono Boost)  
  15  0:42  Probe (Chrono Boost)  
  16  0:43  Gateway  
  16  0:49  Assimilator  
  16  0:53  Probe (Chrono Boost)  
  17  1:23  Nexus  
  17  1:31  Probe (Chrono Boost)  
  18  1:35  Cybernetics Core  
  18  1:42  Probe (Chrono Boost)  
  19  1:52  Probe (Chrono Boost)  
  20  1:54  Pylon  
  20  1:58  Assimilator  
  20  2:12  Mothership Core (Chrono Boost)  
  22  2:18  Warp Gate (Chrono Boost)  
  22  2:27  Stalker  
  24  2:30  Probe (Chrono Boost)  
  24  2:34  Probe (Chrono Boost)  
  26  2:41  Probe  
  27  2:44  Probe  
  28  2:57  Stargate  
  27  3:01  Probe  
  27  3:03  Probe, Pylon  
  29  3:07  Stalker  
  29  3:12  Probe  
  32  3:22  Forge, Probe x2  
  34  3:33  Probe  
  34  3:34  Probe  
  34  3:40  Oracle  
  39  3:45  Probe  
  39  3:47  Probe  
  41  3:55  Probe  
  41  3:58  Photon Cannon  
  42  4:08  Photon Cannon  
  42  4:13  Protoss Ground Weapons Level 1  
  42  4:14  Assimilator  
  42  4:15  Gateway  
  37  4:29  Void Ray  
  37  4:31  Probe  
  41  4:32  Probe  
  43  4:41  Probe  
  43  4:44  Probe  
  45  4:52  Probe  
  46  5:16  Probe  
  46  5:17  Probe, Void Ray  
  46  5:20  Photon Cannon  
  52  5:21  Stalker  
  52  5:26  Probe  
  54  5:42  Gateway  
  54  5:45  Pylon x2  
  54  5:47  Robotics Facility  
  54  6:02  Pylon  
  54  6:03  Probe x2 (Chrono Boost)  
  55  6:04  Pylon  
  55  6:11  Void Ray  
  60  6:12  Nexus  
  60  6:15  Probe x2 (Chrono Boost)  
  62  6:20  Stalker  
  62  6:21  Stalker  
  67  6:25  Probe (Chrono Boost)  
  67  6:34  Observer  
  67  6:39  Pylon  
  68  6:40  Pylon  
  68  6:42  Pylon  
  68  6:43  Assimilator  
  68  6:45  Zealot x3  
  74  6:54  Probe x2 (Chrono Boost)  
  74  6:55  Immortal  
  79  7:14  Stalker x3  
  83  7:28  Gateway  
  83  7:29  Gateway  
  79  7:31  Gateway  
  79  7:41  Stalker x2  
  79  7:42  Stalker  
  69  8:00  Void Ray  
  69  8:03  Immortal  
  77  8:15  Stalker x3  
  77  8:19  Nexus  
  83  8:21  Pylon  
  83  8:23  Pylon  
  83  8:24  Pylon  
Tags
 
Add a new tag
Caveats
  • Supply blocks, unpowered buildings, or Contaminate may cause inaccurate times.
  • Supply counts are checked every 10 seconds.